 Dungeon Crawl Stone Soup version 0.23.1-44-gbd83930989 (webtiles) character file.

Game seed: 12145514521056310946

56 PentaManta the Ducker (level 3, 0/26 HPs)
             Began as an Octopode Fighter on Mar 30, 2019.
             Killed from afar by Sigmund (10 damage)
             ... with a magic dart
             ... on level 2 of the Dungeon.
             The game lasted 00:01:23 (1209 turns).

PentaManta the Ducker (Octopode Fighter)            Turns: 1209, Time: 00:01:24

Health: 0/26       AC:  1    Str: 20    XL:     3   Next: 97%
Magic:  3/3        EV: 12    Int: 10    God:
Gold:   65         SH:  9    Dex: 12    Spells: 2/2 levels left

rFire    . . .     SeeInvis .   a - +0 long sword
rCold    . . .     Gourm    .   b - +0 shield
rNeg     . . .     Faith    .   (helmet restricted)
rPois    .         Spirit   .   (no amulet)
rElec    .         Reflect  .   (no ring)
rCorr    .         Harm     .   (no ring)
MR       .....                  (no ring)
Stlth    +++.......             (no ring)
HPRegen  0.08/turn              (no ring)
MPRegen  0.08/turn              (no ring)
                                (no ring)
                                (no ring)

@: mighty
A: almost no armour, stealthy swim, amphibious, 8 rings, constrict 8, camouflage
1, gelatinous body 1
a: no special abilities


You were on level 2 of the Dungeon.
You were hungry.

You visited 1 branch of the dungeon, and saw 2 of its levels.

You collected 65 gold pieces.

Inventory:

Hand Weapons
 a - a +0 long sword (weapon)
Armour
 b - a +0 shield (worn)
Jewellery
 g - an uncursed ring of stealth {unknown}
Scrolls
 f - 2 scrolls of identify {unknown}
 i - 2 scrolls of remove curse {unknown}
 j - 2 scrolls of immolation {unknown}
 k - a scroll of fog {unknown}
 l - a scroll of teleportation {unknown}
Potions
 e - a potion of curing {unknown}
 h - a potion of heal wounds {unknown}
Comestibles
 d - 3 rations


   Skills:
 - Level 3.0 Fighting
 + Level 2.6 Long Blades
 + Level 3.4 Dodging
 * Level 3.4 Stealth
 - Level 3.0 Shields


You had 2 spell levels left.
You didn't know any spells.
Your spell library was empty.

Dungeon Overview and Level Annotations

Branches:
Dungeon (2/15)

Altars:
Cheibriados

Annotations:
D:2 Sigmund


Innate Abilities, Weirdness & Mutations

You cannot wear most types of armour.
You are very stealthy in the water. (Stealth+)
You are amphibious.
You can wear up to eight rings at the same time.
You can use your tentacles to constrict eight enemies at once.
Your skin changes colour to match your surroundings (Stealth+).
Your rubbery body absorbs attacks. (AC +1, EV +1)


Message History

Sigmund shouts!
Sigmund is nearby!
Sigmund is nearby!
You feel very mighty all of a sudden. Sigmund gestures at you while chanting.
You are confused.
You bump into the rock wall.
Sigmund mumbles some strange words.
Sigmund flickers and vanishes!
Deactivating autopickup; reactivate with Ctrl-A.
Something hits you. Something hits you.
You slash something! Your squeeze misses something. You miss something.
Your squeeze misses something. Something hits you!
You bump into the rock wall.
You feel less confused.
You hear some strange, mumbled words.
A magic dart appears from out of thin air!
The magic dart hits you!
You die...

#.# #..†.†#.# #..#
#.#
#.....#.#######..#
#.#
#.................
#.#
#.....#.##########
#.#
#.....#...........
#.#
#.....############
#.# #.....# #.#
#.###.....# #.#
#...{@..###
######.# #.#######
#......# #.######
..# ### # # #


There were no monsters in sight!

Vanquished Creatures
  2 adders (D:2)
  A dart slug (D:2)
  2 leopard geckos (D:1)
  2 ball pythons
  4 giant cockroaches (D:1)
  3 goblins
  2 hobgoblins (D:1)
  3 jackals (D:2)
  4 bats (D:1)
  5 frilled lizards
  2 kobolds
  4 rats
34 creatures vanquished.

Notes
Turn   | Place    | Note
-------+----------+-------------------------------------------
     0 | D:1      | PentaManta the Octopode Fighter began the quest for the
                  | Orb.
     0 | D:1      | Reached XP level 1. HP: 16/16 MP: 1/1
     8 | D:1      | Reached skill level 1 in Stealth
   263 | D:1      | Reached XP level 2. HP: 21/21 MP: 2/2
   669 | D:1      | Reached XP level 3. HP: 26/26 MP: 3/3
   983 | D:2      | Found a snail-covered altar of Cheibriados.
  1200 | D:2      | Noticed Sigmund
  1209 | D:2      | Killed from afar by Sigmund

Skill      XL: |  1  2  3 |
---------------+----------+-----
Stealth        | 1 2 3 |  3.4
Fighting       | |  3.0
Long Blades    | |  2.6
Dodging        | |  3.4
Shields        | |  3.0

Action                   || total
-------------------------++-------
Melee: Long sword        ||    63
       Constrict         ||    19
       Tentacles         ||     7
  Use: Potion            ||     1
 Stab: Sleeping          ||     6
Armor: Skin              ||     8
Dodge: Dodged            ||    24
Block: Shield            ||    26
       Rpst.: Long sword ||     5
